 Dungeon Crawl Stone Soup version 0.27.1-33-g824d729ab1 (webtiles) character file.

Game seed: 5823516229182275708

2767 potato4science the Fighter (level 9, -2/81 (84) HPs)
             Began as a Gnoll Wanderer on Dec 19, 2021.
             Was a Priest of Wu Jian.
             Succumbed to a water moccasin's poison
             ... on level 8 of the Dungeon.
             The game lasted 00:39:49 (11243 turns).

potato4science the Fighter (Gnoll Wanderer)        Turns: 11243, Time: 00:39:50

HP:   -2/81 (84)    AC:  8    Str: 14    XL:     9   Next: 69%
MP:   4/15          EV: 12    Int: 11    God:    Wu Jian [***...]
Gold: 383           SH:  0    Dex: 13    Spells: 17/17 levels left

rFire    . . .     SeeInvis .   a - +4 war axe
rCold    + . .     Faith    .   (no shield)
rNeg     . . .     Spirit   +   A - +0 ring mail {rC+}
rPois    .         Reflect  .   B - +0 helmet
rElec    .         Harm     .   (no cloak)
rCorr    +         Rampage  .   y - +0 pair of gloves
Will     .....                  (no boots)
Stlth    ++........             o - amulet of guardian spirit
HPRegen  0.23/turn              q - ring of resist corrosion
MPRegen  0.14/turn              (no ring)

@: lethally poisoned (-2 -> -20), lightly drained
A: fangs 1, strong nose, distributed training
a: Renounce Religion, Wall Jump, Serpent's Lash


You were on level 8 of the Dungeon.
You worshipped Wu Jian.
Wu Jian was most pleased with you.
You visited 2 branches of the dungeon, and saw 9 of its levels.
You also visited: Ossuary.

You collected 383 gold pieces.

Inventory:

Hand Weapons
 a - a +4 war axe (weapon)
 b - a +1 shortbow of flaming
Missiles
 f - a silver boomerang (quivered)
 g - 39 bolts
 v - 53 poisoned darts
 w - 24 arrows
Armour
 e - a +0 chain mail
 y - a +0 pair of gloves (worn)
 A - a +0 ring mail of cold resistance (worn)
 B - a +0 helmet (worn)
Magical Staves
 h - a staff of cold
 j - a staff of earth
Jewellery
 o - an amulet of guardian spirit (around neck)
 q - a ring of resist corrosion (left hand)
Wands
 r - a wand of acid (4)
 t - a wand of iceblast (12)
Scrolls
 c - 3 scrolls of teleportation
 d - a scroll of amnesia
 m - a scroll of fear {unknown}
 x - a scroll of fog {unknown}
 z - a scroll of blinking
 D - a scroll of summoning {unknown}
 E - 2 scrolls of identify
 F - a scroll of enchant armour {unknown}
Potions
 i - a potion of flight
 k - a potion of magic
 l - a potion of brilliance
 p - 2 potions of resistance
 s - a potion of lignification
 u - a potion of invisibility


   Skills:
 + Level 12.7 Fighting
 + Level 4.5 Short Blades
 + Level 4.5 Long Blades
 + Level 5.2 Axes
 + Level 4.5 Maces & Flails
 + Level 4.5 Polearms
 + Level 4.5 Staves
 + Level 4.5 Slings
 + Level 4.5 Bows
 + Level 4.5 Crossbows
 + Level 4.5 Throwing
 + Level 5.2 Armour
 + Level 4.5 Dodging
 + Level 4.5 Stealth
 + Level 5.2 Shields
 + Level 4.5 Unarmed Combat
 + Level 4.5 Spellcasting
 + Level 3.7 Conjurations
 + Level 3.7 Hexes
 + Level 3.7 Summonings
 + Level 3.7 Necromancy
 + Level 3.7 Translocations
 + Level 3.7 Transmutations
 + Level 3.7 Fire Magic
 + Level 3.7 Ice Magic
 + Level 3.7 Air Magic
 + Level 3.7 Earth Magic
 + Level 3.7 Poison Magic
 + Level 5.0 Invocations
 + Level 5.2 Evocations


You had 17 spell levels left.
You didn't know any spells.
Your spell library contained the following spells:

 Spells                   Type           Power      Damage    Failure   Level
 Beastly Appendage        Tmut           20%        N/A       10%         1
 Sandblast                Erth           20%        2d7       10%         1
 Passwall                 Tmut/Erth      8%         N/A       14%         2
 Wereblood                Tmut           10%        N/A       14%         2
 Dazzling Flash           Conj/Hex       20%        N/A       28%         3
 Gell's Gravitas          Tloc           5%         N/A       28%         3
 Ignite Poison            Fire/Tmut/Pois 10%        N/A       28%         3
 Lesser Beckoning         Tloc           5%         N/A       28%         3
 Portal Projectile        Hex/Tloc       20%        N/A       28%         3
 Spider Form              Tmut/Pois      5%         N/A       28%         3
 Teleport Other           Tloc           10%        N/A       28%         3
 Agony                    Necr           10%        N/A       95%         5
 Blade Hands              Tmut           5%         N/A       95%         5
 Excruciating Wounds      Necr           5%         N/A       95%         5
 Lee's Rapid Deconstruct  Erth           5%         3d7*      95%         5
 Silence                  Hex/Air        5%         N/A       95%         5
 Eringya's Noxious Bog    Tmut/Pois      5%         N/A       100%        6
 Statue Form              Tmut/Erth      6%         N/A       100%        6


Dungeon Overview and Level Annotations

Branches:
Dungeon (8/15)             Temple (1/1) D:5         Ossuary (visited)
   Lair: D:8-11

Altars:
Cheibriados
Elyvilon
Okawaru
Trog
Wu Jian

Shops:
D:4 *   D:5 :


Innate Abilities, Weirdness & Mutations

You have very sharp teeth.
Your uncanny sense of smell can sniff out nearby items.
Your experience applies equally to all skills.


Message History

You closely miss the water moccasin.
You bite the water moccasin, but do no damage.
You feel very sick.
The water moccasin bites you but does no damage.
You barely miss the water moccasin. Your punch misses the water moccasin.
You feel very sick. The water moccasin barely misses you.
The water moccasin bites you but does no damage.
You barely miss the water moccasin. Your bite misses the water moccasin.
You feel sick. The water moccasin bites you.
You closely miss the water moccasin.
You feel sick. The water moccasin bites you. The water moccasin bites you!
You closely miss the water moccasin.
You feel sick. The water moccasin bites you. x2
You closely miss the water moccasin. Your punch misses the water moccasin.
You feel sick. The water moccasin bites you!
* * * LOW HITPOINT WARNING * * *
You are more poisoned.
The water moccasin poisons you! The water moccasin misses you.
You slash the water moccasin!
The water moccasin is moderately wounded.
You feel very sick.
The water moccasin bites you but does no damage.
You slash the water moccasin!
The water moccasin is almost dead.
You feel sick. The water moccasin bites you!
* * * LOW HITPOINT WARNING * * *
You are lethally poisoned!
The water moccasin poisons you! The water moccasin bites you.
* * * LOW HITPOINT WARNING * * *
You miss the water moccasin.
The water moccasin is almost dead.
* * * LOW HITPOINT WARNING * * *
You feel extremely sick. The water moccasin closely misses you.
The water moccasin bites you but does no damage.
You slash the water moccasin!
You kill the water moccasin!
The Council accepts your kill.
You die...

#. #.# #.#
.#####.####
..........#
#.....#.# #.<#.#
...#.##..#.######
.......†@........
...#.##).#.######
# #..#.# #..... ∆
∆ .....## ###.###
#.# #.#


There were no monsters in sight!

Vanquished Creatures
  Sigmund (D:6)
  A steam dragon (D:7)
  2 water moccasins
  An ice beast (D:6)
  An orc warrior (D:5)
  2 centaurs
  4 elf zombies (Ossuary)
  A bullfrog (D:7)
  A scorpion (D:6)
  A wyvern zombie (D:7)
  A wyvern skeleton (D:6)
  5 killer bees (D:7)
  13 wights
  4 electric eels
  2 centaur zombies (Ossuary)
  A bullfrog zombie (D:5)
  2 hounds (D:6)
  2 orc priests (D:5)
  A human zombie (Ossuary)
  2 bullfrog skeletons
  A centaur skeleton (D:7)
  An orc wizard (D:5)
  Terence (D:2)
  2 mummies (Ossuary)
  5 adders
  4 gnolls
  A white imp (D:6)
  An ufetubus (D:2)
  An adder zombie (Ossuary)
  2 worms (D:2)
  2 dart slugs
  12 orcs
  3 bats
  6 endoplasms
  5 giant cockroaches
  4 goblins
  10 hobgoblins
  6 jackals
  5 kobolds
  2 quokkas
  7 ball pythons
  2 frilled lizards (D:2)
  9 hobgoblin zombies (Ossuary)
  5 kobold zombies (Ossuary)
  13 orc zombies (Ossuary)
  4 rats
  A rat zombie (Ossuary)
163 creatures vanquished.

Vanquished Creatures (others)
  35 plants
  3 toadstools (D:1)
38 creatures vanquished.

Grand Total: 201 creatures vanquished

Notes
Turn   | Place    | Note
-------+----------+-------------------------------------------
     0 | D:1      | Reached skill level 12 in Fighting
     0 | D:1      | potato4science the Gnoll Wanderer began the quest for the
                  | Orb.
     0 | D:1      | potato4science set off with the following items: a +2 hand
                  | axe, a +0 ring mail, a scroll of teleportation
     0 | D:1      | Reached XP level 1. HP: 31/31 MP: 1/1
   111 | D:1      | Reached XP level 2. HP: 38/38 MP: 2/2
   480 | D:1      | Reached XP level 3. HP: 37/44 MP: 3/3
   981 | D:2      | Noticed Terence
   987 | D:2      | Reached skill level 1 in Invocations
   989 | D:2      | Killed Terence
   990 | D:2      | Reached skill level 1 in Short Blades
   990 | D:2      | Reached skill level 1 in Long Blades
   990 | D:2      | Reached skill level 1 in Maces & Flails
   990 | D:2      | Reached skill level 1 in Polearms
   990 | D:2      | Reached skill level 1 in Staves
   990 | D:2      | Reached skill level 1 in Slings
   990 | D:2      | Reached skill level 1 in Bows
   990 | D:2      | Reached skill level 1 in Crossbows
   990 | D:2      | Reached skill level 1 in Throwing
   990 | D:2      | Reached skill level 1 in Dodging
   990 | D:2      | Reached skill level 1 in Stealth
   990 | D:2      | Reached skill level 1 in Unarmed Combat
   990 | D:2      | Reached skill level 1 in Spellcasting
   990 | D:2      | Reached XP level 4. HP: 37/51 MP: 5/5
  1445 | D:2      | Found a faded altar of an unknown god.
  1456 | D:2      | Became a worshipper of the Wu Jian Council
  1456 | D:2      | Reached * piety under Wu Jian
  1768 | D:2      | Reached skill level 1 in Conjurations
  1768 | D:2      | Reached skill level 1 in Hexes
  1768 | D:2      | Reached skill level 1 in Summonings
  1768 | D:2      | Reached skill level 1 in Necromancy
  1768 | D:2      | Reached skill level 1 in Translocations
  1768 | D:2      | Reached skill level 1 in Transmutations
  1768 | D:2      | Reached skill level 1 in Fire Magic
  1768 | D:2      | Reached skill level 1 in Ice Magic
  1768 | D:2      | Reached skill level 1 in Air Magic
  1768 | D:2      | Reached skill level 1 in Earth Magic
  1768 | D:2      | Reached skill level 1 in Poison Magic
  1951 | D:2      | You fall into a shaft and drop 1 floor!
  3280 | D:4      | Reached XP level 5. HP: 57/57 MP: 6/6
  4027 | D:4      | Reached XP level 6. HP: 49/64 MP: 6/8
  4263 | D:4      | Found Pita Xey's General Store.
  4740 | D:5      | Entered Level 5 of the Dungeon
  4843 | D:5      | Found a staircase to the Ecumenical Temple.
  4854 | D:5      | Found Nierihu's Book Shoppe.
  4954 | D:5      | Noticed an orc warrior
  5052 | D:5      | Found a sand-covered staircase.
  5061 | Ossuary  | Entered an ossuary
  5148 | Ossuary  | Reached ** piety under Wu Jian
  5301 | Ossuary  | Reached XP level 7. HP: 69/70 MP: 8/10
  5686 | D:5      | Reached XP level 8. HP: 77/77 MP: 12/12
  5860 | D:5      | Reached *** piety under Wu Jian
  6394 | Temple   | Entered the Ecumenical Temple
  6439 | D:6      | Noticed Sigmund
  7010 | D:6      | Killed Sigmund
  7102 | D:6      | Identified the -6 kite shield "Xuhijiurch" {rF++}
  8466 | D:7      | Reached XP level 9. HP: 64/80 MP: 9/14
  8902 | D:7      | Got the Handbook of Shape Shifting
  9718 | D:7      | Reached skill level 5 in Axes
  9718 | D:7      | Reached skill level 5 in Armour
  9718 | D:7      | Reached skill level 5 in Shields
  9718 | D:7      | Reached skill level 5 in Evocations
 11231 | D:8      | Reached skill level 5 in Invocations
 11242 | D:8      | HP: 3/81 [poisoned by a water moccasin]
 11243 | D:8      | Succumbed to a water moccasin's poison

Illustrated notes

Levels and vault maps discovered:
D:1:      dpeg_arrival_shelter, layout_loops_cross, moated_statue, st_stairs_5,
          chequers_serial_rivers_small_3, minmay_gold_behind_fungi,
          minmay_tromino_mix6
D:2:      layout_loops_ring, hellmonk_ecumenical_altar_inner_sanctum,
          minmay_misc_feat_x, kennysheep_generic_room_16, uniq_terence
D:3:      layout_loops_ring
D:4:      layout_gridville, serial_shops, nicolae_take_the_stairs
D:5:      layout_cave_pools, minmay_temple_entry_purple_smoke, enter_ossuary_3,
          serial_shops, shop, guppyfry_early_orc_mine
D:6:      layout_cave_pools, hex_large, serial_bayou_lake_a, uniq_sigmund
D:7:      layout_basic, serial_bayou, serial_bayou_pond_e, serial_bayou_pond_c,
          serial_bayou_pond_b, serial_bayou_crossing, patterned_corridor
D:8:      layout_loops_ring
Temple:   nicolae_temple_the_god_donut

Skill      XL: |  1  2  3  4  5  6  7  8  9 |
---------------+----------------------------+-----
Fighting       | | 12.7
Invocations    | 1 2 3 4 5 |  5.0
Short Blades   | 1 2 3 4 |  4.5
Long Blades    | 1 2 3 4 |  4.5
Maces & Flails | 1 2 3 4 |  4.5
Polearms       | 1 2 3 4 |  4.5
Staves         | 1 2 3 4 |  4.5
Slings         | 1 2 3 4 |  4.5
Bows           | 1 2 3 4 |  4.5
Crossbows      | 1 2 3 4 |  4.5
Throwing       | 1 2 3 4 |  4.5
Dodging        | 1 2 3 4 |  4.5
Stealth        | 1 2 3 4 |  4.5
Unarmed Combat | 1 2 3 4 |  4.5
Spellcasting   | 1 2 3 4 |  4.5
Conjurations   | 1 2 3 |  3.7
Hexes          | 1 2 3 |  3.7
Summonings     | 1 2 3 |  3.7
Necromancy     | 1 2 3 |  3.7
Translocations | 1 2 3 |  3.7
Transmutations | 1 2 3 |  3.7
Fire Magic     | 1 2 3 |  3.7
Ice Magic      | 1 2 3 |  3.7
Air Magic      | 1 2 3 |  3.7
Earth Magic    | 1 2 3 |  3.7
Poison Magic   | 1 2 3 |  3.7
Axes           | 3 4 5 |  5.2
Armour         | 3 4 5 |  5.2
Shields        | 3 4 5 |  5.2
Evocations     | 3 4 5 |  5.2

Action                   |  1- 3 |  4- 6 |  7- 9 || total
-------------------------+-------+-------+-------++-------
Melee: Hand axe          |    25 |       |       ||    25
       Bite              |     8 |    12 |    28 ||    48
       War axe           |    22 |   142 |   288 ||   452
       Punch             |       |       |     8 ||     8
 Fire: Shortbow          |       |       |    51 ||    51
Throw: Boomerang         |    12 |    42 |       ||    54
       Stone             |       |    44 |       ||    44
Invok: Whirlwind         |       |     4 |     4 ||     8
       Lunge             |       |     6 |     5 ||    11
  Use: Scroll            |       |     7 |     8 ||    15
       Potion            |       |     1 |     7 ||     8
 Stab: Invisible         |       |       |     3 ||     3
       Sleeping          |       |       |     2 ||     2
Armor: Ring mail         |     6 |       |    62 ||    68
       Chain mail        |    17 |    77 |    61 ||   155
Dodge: Dodged            |    18 |    52 |   164 ||   234
